 Dungeon Crawl Stone Soup version 0.26-a0-846-gcc8f1ee719 (webtiles) character file.

Game seed: 6503505841001514628

494320 2FriedEggs the Hellbinder (level 23, -1/144 HPs)
             Began as a Deep Elf Summoner on Nov 16, 2020.
             Was an Initiate of Gozag.
             Killed from afar by a yellow draconian (4 damage)
             ... with a glob of acid
             ... on level 2 of the Realm of Zot on Nov 20, 2020.
             The game lasted 07:16:12 (113675 turns).

2FriedEggs the Hellbinder (Deep Elf Summoner)     Turns: 113675, Time: 07:16:13

Health: -1/144     AC: 20    Str: 16    XL:     23   Next: 64%
Magic:  9/54       EV: 28    Int: 28    God:    Gozag
Gold:   10724      SH:  5    Dex: 21    Spells: 10/54 levels left

rFire    + + +     SeeInvis +   H - +9 shortbow (venom)
rCold    + + .     Faith    .   (shield currently unavailable)
rNeg     + + +     Spirit   .   g - quicksilver dragon scales
rPois    +         Reflect  +   K - +2 helmet {SInv}
rElec    +         Harm     .   O - scarf {rC+ rF+}
rCorr    .         Rampage  .   z - +2 pair of gloves
MR       ++++.                  k - +2 pair of boots {Fly}
Stlth    ++........             D - amulet of Laxzy {Reflect rC+ Int+4 Dex+4 Slay+2 SH+5}
HPRegen  0.34/turn              J - ring "Ithug" {*Contam rF+++ MP+9 Str+4 Dex+2}
MPRegen  0.34/turn              s - ring "Elaesmora" {rElec rPois rF- rN+++ MR+}

@: about to teleport, corroded, flying, hasted, very quick
A: no striking features
}: 3/15 runes: decaying, serpentine, silver
a: Potion Petition, Call Merchant, Bribe Branch, Renounce Religion, Stop Flying


You were on level 2 of the Realm of Zot.
You worshipped Gozag.
Gozag was extremely pleased with you.
You visited 10 branches of the dungeon, and saw 47 of its levels.
You also visited: Bailey, Gauntlet, Ice Cave and Volcano.

You collected 29820 gold pieces.
You spent 7670 gold pieces at shops.
You paid 11426 gold pieces to Gozag.

Inventory:

Hand Weapons
 H - a +9 shortbow of venom (weapon)
Missiles
 i - 1207 arrows (quivered)
 L - a throwing net
Armour
 g - quicksilver dragon scales (worn)
 h - a +1 cloak
 k - a +2 pair of boots of flying (worn)
 z - a +2 pair of gloves (worn)
 K - a +2 helmet of see invisible (worn)
 O - a scarf of resistance (worn)
Jewellery
 o - the ring "Liakukk" {Str+6 Int+4 Dex+3 Slay-4}
   (You took it off a spriggan defender on level 5 of the Depths)

   [ring of strength]

   It affects your strength (+6).
   It affects your intelligence (+4).
   It affects your dexterity (+3).
   It affects your accuracy and damage with ranged weapons and melee attacks
   (-4).
 s - the ring "Elaesmora" (right hand) {rElec rPois rF- rN+++ MR+}
   (You bought it in a shop on level 9 of the Dungeon)

   [ring of protection from magic]

   It makes you vulnerable to fire.
   It insulates you from electricity.
   It protects you from poison.
   It renders you almost immune to negative energy.
   It affects your resistance to hostile enchantments.
 t - the ring "Coefih" {rC- MR+ rCorr Stlth+}
   (You found it on level 5 of the Dungeon)

   [ring of resist corrosion]

   It makes you vulnerable to cold.
   It affects your resistance to hostile enchantments.
   It provides partial protection from all sources of acid and corrosion.
   It makes you more stealthy.
 C - an uncursed ring of wizardry
 D - the amulet of Laxzy (around neck) {Reflect rC+ Int+4 Dex+4 Slay+2 SH+5}
   (You bought it in a shop on level 9 of the Dungeon)

   [amulet of reflection]

   It shields you and reflects attacks.
   It affects your intelligence (+4).
   It affects your dexterity (+4).
   It affects your accuracy and damage with ranged weapons and melee attacks
   (+2).
   It protects you from cold.
   It affects your SH (+5).
 J - the ring "Ithug" (left hand) {*Contam rF+++ MP+9 Str+4 Dex+2}
   (You bought it in a shop on level 9 of the Dungeon)

   [ring of magical power]

   It affects your strength (+4).
   It affects your dexterity (+2).
   It renders you almost immune to fire.
   It affects your magic capacity (+9).
   It causes magical contamination when unequipped.
 N - the amulet "Xeenug" {Faith Dex+2}
   (You took it off a deep elf elementalist on level 5 of the Vaults)

   [amulet of faith]

   It allows you to gain divine favour quickly.
   It affects your dexterity (+2).
 R - the cursed ring of the Shining Light {+Fly rF+ rC- Int+9 Dex-4}
   (You took it off a vault guard on level 5 of the Vaults)

   [ring of dexterity]

   It affects your intelligence (+9).
   It affects your dexterity (-4).
   It protects you from fire.
   It makes you vulnerable to cold.
   It lets you fly.
   It has a curse placed upon it.
 Z - the ring of Vaiviane {rPois rC+ Int+3}
   (You took it off a deep elf death mage on level 3 of the Elven Halls)

   [ring of poison resistance]

   It affects your intelligence (+3).
   It protects you from cold.
   It protects you from poison.
Wands
 w - a wand of paralysis (17)
 x - a wand of iceblast (92)
 S - a wand of digging (5)
 X - a wand of acid (26)
Scrolls
 c - 4 scrolls of fog
 e - 12 scrolls of fear
 m - 9 scrolls of identify
 q - 28 scrolls of remove curse
 y - a scroll of torment
 A - 2 scrolls of vulnerability
 B - 2 scrolls of blinking
 I - 3 scrolls of magic mapping
 P - 6 scrolls of enchant armour
 U - 23 scrolls of teleportation
 V - 3 scrolls of summoning
 W - 3 scrolls of silence
 Y - 3 scrolls of holy word
Potions
 a - 7 potions of heal wounds
 b - 8 potions of might
 d - 3 potions of invisibility
 f - 4 potions of cancellation
 l - 2 potions of berserk rage
 n - a potion of resistance
 p - 12 potions of curing
 v - 4 potions of magic
 E - 4 potions of haste
 F - 8 potions of ambrosia
 G - 4 potions of brilliance
 M - 3 potions of mutation
Miscellaneous
 j - a phantom mirror
 r - a condenser vane
 u - a phial of floods
 Q - a phial of floods
 T - a box of beasts


   Skills:
 + Level 15.0 Fighting
 - Level 14.0 Bows
 + Level 11.8 Armour
 - Level 20.1 Dodging
 - Level 2.4 Stealth
 - Level 16.1 Spellcasting
 - Level 5.0 Hexes
 O Level 27 Summonings
 - Level 5.0 Translocations
 - Level 5.0 Ice Magic
 - Level 4.0 Air Magic
 - Level 2.0 Poison Magic


You had 10 spell levels left.
You knew the following spells:

 Your Spells              Type           Power        Failure   Level
a - Summon Forest         Summ/Tloc      #######...   1%          5
b - Shadow Creatures      Summ           N/A          0%          6
c - Summon Hydra          Summ           ########..   1%          7
d - Summon Ice Beast      Ice/Summ       #######.     1%          4
e - Dragon's Call         Summ           ########..   5%          9
g - Portal Projectile     Hex/Tloc       ######       1%          3
j - Summon Lightning Spi  Summ/Air       #######.     1%          4
k - Passage of Golubria   Tloc           N/A          4%          4
l - Blink                 Tloc           N/A          1%          2

Your spell library contained the following spells:

 Spells                   Type           Power        Failure   Level
 Summon Small Mammal      Summ           ####         0%          1
 Call Imp                 Summ           ########     0%          2
 Call Canine Familiar     Summ           ########     0%          3
 Summon Guardian Golem    Hex/Summ       #######.     0%          3
 Apportation              Tloc           ######       1%          1
 Corona                   Hex            ######.      1%          1
 Freeze                   Ice            ####         1%          1
 Ensorcelled Hibernation  Hex/Ice        ######       1%          2
 Slow                     Hex            ######..     1%          2
 Swiftness                Air            #####...     1%          2
 Confusing Touch          Hex            ######..     1%          3
 Frozen Ramparts          Ice            ######       1%          3
 Gell's Gravitas          Tloc           ######....   1%          3
 Ozocubu's Armour         Ice            ######..     1%          3
 Sting                    Tmut/Pois      ####         2%          1
 Corpse Rot               Necr/Air       N/A          2%          2
 Foxfire                  Conj/Fire      ###.         3%          1
 Magic Dart               Conj           ###.         3%          1
 Sandblast                Erth           ###...       3%          1
 Dazzling Flash           Conj/Hex       #####.       3%          3
 Inner Flame              Hex/Fire       #####...     3%          3
 Cause Fear               Hex            ######....   4%          4
 Passwall                 Tmut/Erth      ###.....     5%          2
 Searing Ray              Conj           ###...       5%          2
 Sublimation of Blood     Necr           ###.......   5%          2
 Wereblood                Tmut           ###.....     5%          2
 Ignite Poison            Fire/Tmut/Pois ####....     8%          3
 Stone Arrow              Conj/Erth      ###...       11%         3
 Fulminant Prism          Conj/Hex       #####.....   12%         4
 Hailstorm                Conj/Ice       #####...     12%         4
 Ice Form                 Ice/Tmut       #####...     12%         4
 Iskenderun's Mystic Bla  Conj/Tloc      #####...     12%         4
 Leda's Liquefaction      Hex/Erth       #####.....   12%         4
 Metabolic Englaciation   Hex/Ice        ######....   12%         5
 Spellforged Servitor     Conj/Summ      #######...   12%         7
 Silence                  Hex/Air        #####.....   16%         5
 Animate Dead             Necr           ###.......   34%         4
 Dispel Undead            Necr           ###.....     34%         4
 Petrify                  Tmut/Erth      ###.....     34%         4
 Yara's Violent Unravell  Hex/Tmut       #####.....   34%         5
 Alistair's Intoxication  Tmut/Pois      ####.....    54%         5
 Invisibility             Hex            ######..     56%         6
 Ozocubu's Refrigeration  Ice            ######....   56%         6
 Agony                    Necr           ###.....     67%         5
 Borgnjor's Vile Clutch   Necr/Erth      ###.......   67%         5
 Excruciating Wounds      Necr           ###.......   67%         5
 Fireball                 Conj/Fire      ###.......   67%         5
 Lee's Rapid Deconstruct  Erth           ###.......   67%         5
 Freezing Cloud           Conj/Ice/Air   #####.....   83%         6
 Simulacrum               Ice/Necr       #####.....   88%         6
 Eringya's Noxious Bog    Tmut/Pois      ####......   98%         6
 Death Channel            Necr           ###.......   99%         6
 Hydra Form               Tmut           ###.......   99%         6
 Starburst                Conj/Fire      ###.......   99%         6
 Statue Form              Tmut/Erth      ###......    99%         6
 Dragon Form              Tmut           ###.......   100%        7
 Disjunction              Tloc           ######....   100%        8
 Ignition                 Fire           ###.......   100%        8


Dungeon Overview and Level Annotations

Branches:
Dungeon (15/15)            Temple (1/1) D:6            Lair (6/6) D:9
  Swamp (4/4) Lair:4        Snake (4/4) Lair:3        Slime (0/5) Lair:5
    Orc (2/2) D:12            Elf (3/3) Orc:2        Vaults (5/5) D:14
  Crypt (0/3) Vaults:3     Depths (5/5) D:15            Zot (2/5) Depths:5
 Bailey (visited)           IceCv (visited)         Volcano (visited)
Gauntlet (visited)

Altars:
Ashenzari
Cheibriados
Dithmenos
Elyvilon
Fedhas
Gozag
Hepliaklqana
Kikubaaqudgha
Makhleb
Nemelex Xobeh
Okawaru
Qazlal
Ru
Sif Muna
Trog
Uskayaw
Vehumet
Wu Jian
Xom
Yredelemnul
Zin
The Shining One
Beogh

Shops:
D:7 (![   D:9 =[:?==   D:12 [   Orc:2 (!(:   Snake:1 *   Snake:3 !!?=
Snake:4 [(   Vaults:3 }   Vaults:4 =   Depths:1 [

Portals:
Hell: Depths:1 Depths:2 Depths:3 Depths:4 Depths:5
Abyss: Depths:4
Pandemonium: Depths:1 Depths:3
Ziggurat: Depths:2

Annotations:
D:14 1 runed translucent door
Lair:2 exclusion: 4 oklob plants
Lair:4 exclusion: oklob plant
Swamp:1 2 transporters, littlecub's ghost, journeyman DEIE
Elf:2 3 runed translucent doors
Elf:3 2 exclusions
Vaults:1 2 transporters
Depths:5 1 runed translucent door, exclusion: 3 obsidian statues


Message History

The green draconian monk misses you. x2
The green draconian monk tail-slaps you.
* * * LOW HITPOINT WARNING * * *
The black draconian is engulfed in poison gas.
The black draconian is poisoned.
The black draconian hits you but does no damage.
The green draconian knight hits you but does no damage.
The green draconian knight completely misses you.
The death cob completely misses you.
Unknown command.
Unknown command.
Press: ? - help, Dir - move target cursor
As you read the scroll of blinking, it crumbles to dust.
A moth of wrath and a green draconian come into view.
You feel yourself speed up.
The red draconian roars!
The yellow draconian throws acid at you.
The glob of acid hits you.
You die...
Your body crumbles into a pile of gold. .# ##.## #...# *** .## #.d## ##..## **,* dd#

##.d.####dd.# *,,* ..##
##.qd........# *#.#*
#..####yq§........##*#..#
....#..°##........#*#...#
.§d.d.#######....y#*...#*
.##..## ##....##..<#
###..# ##.@.#...># ##..#
#........#**** #..##
#........#...* ##...##
###...........#*
#.....######.............#
...................#....##
.#######.....#...###...##
## #..####.### **.## ####
### *##


You could see a green draconian knight (icy armour), a black draconian
(poisoned), a yellow draconian (catching breath), a green draconian (wandering),
2 draconians and a moth of wrath (wandering).

Vanquished Creatures
  An orb of fire (Zot:1)
  Mennas (Vaults:2)
  Sojobo (Vaults:2)
  Saint Roka (Vaults:2)
  2 golden dragons
  4 tentacled monstrosities
  A quicksilver dragon (Depths:2)
  2 liches
  Asterion (Snake:1)
  A sphinx (Depths:5)
  A shadow dragon (Vaults:5)
  2 tengu reavers
  A storm dragon (Vaults:5)
  A draconian monk (Depths:5)
  3 fire giants
  7 nagarajas (Snake:4)
  Donald (Vaults:1)
  2 deep elf sorcerers (Vaults:1)
  5 frost giants
  The ghost of Chimkentus the Fighter, a journeyman FoFi of Wu Jian (Orc:1)
  8 vault wardens
  A ghoul (Vaults:3)
  4 spriggan defenders
  A deep elf elementalist (Vaults:5)
  5 ironheart preservers
  3 draconian annihilators
  An orc warlord (Vaults:5)
  4 very ugly things
  4 green draconians
  4 caustic shrike skeletons (Depths:2)
  7 stone giants
  A war gargoyle (Vaults:5)
  3 deep elf demonologists
  2 vampire knights
  2 white draconians (Depths:5)
  A bunyip (Swamp:2)
  3 purple draconians
  5 black draconians (Depths:5)
  A red draconian (Depths:5)
  2 deep elf annihilators (Elf:3)
  3 deep elf death magi
  9 yaktaur captains
  4 ettins
  4 merfolk javelineers
  A merfolk impaler (Depths:4)
  A jiangshi (Depths:4)
  6 great orbs of eyes
  16 vault guards
  7 rakshasas
  6 fire dragons
  11 ice dragons
  Harold (D:8)
  Erolcha (Orc:2)
  6 hydras
  4 ghost crabs
  2 boulder beetles
  3 alligators
  5 ogre magi
  An anaconda (Snake:2)
  10 centaur warriors
  7 naga warriors
  6 tengu warriors
  17 two-headed ogres
  A deep troll shaman (Depths:4)
  2 vampire magi (Depths:4)
  3 death yaks
  2 spriggan berserkers
  2 deep elf knights
  6 shock serpents
  2 goliath frogs
  6 hell knights
  A shock serpent (shapeshifter) (Depths:2)
  8 naga sharpshooters
  25 spriggans
  A fire crab (shapeshifter) (Vaults:4)
  4 iron trolls
  2 skeletal warriors
  A flayed ghost (Vaults:4)
  An unseen horror (shapeshifter) (Vaults:1)
  4 sea snakes
  10 swamp dragons (Swamp:4)
  12 deep trolls
  3 naga ritualists
  A glowing orange brain (Depths:3)
  6 spriggan druids
  An unseen horror (Vaults:1)
  4 bog bodies
  7 deep elf archers
  3 orc knights
  6 lindwurms (Depths:5)
  2 necromancers
  22 deep elf magi
  12 ironbrand convokers
  2 wizards (Depths:5)
  3 mana vipers
  The ghost of Demosthentine the Shield-Bearer, a novice FoFi (D:5)
  3 harpies (Vaults:4)
  4 phantasmal warriors
  A wolf spider (Vaults:2)
  8 orc sorcerers
  15 ugly things
  3 cyclopes
  13 salamanders
  A cyclops (shapeshifter) (D:14)
  5 ice statues (IceCv)
  7 moths of wrath
  2 manticores
  An iron dragon skeleton (Depths:3)
  18 black mambas
  5 vault sentinels
  5 guardian serpents
  A black mamba (shapeshifter) (Vaults:4)
  8 naga magi
  A cane toad (Lair:5)
  2 kobold demonologists
  2 komodo dragons
  4 centaur skeletons
  5 spectral swamp worms (Depths:1)
  37 yaktaurs
  A human zombie (Vaults:1)
  A spark wasp simulacrum (Depths:3)
  3 freezing wraiths
  A golden dragon simulacrum (IceCv)
  2 anaconda simulacra (IceCv)
  2 tengu conjurers
  2 trolls
  A wind drake (Depths:5)
  15 slime creatures
  12 hornets
  A harpy skeleton (D:15)
  9 tyrant leeches
  An air elemental (Elf:3)
  A vampire (D:13)
  A tarantella (shapeshifter) (Vaults:2)
  A redback (shapeshifter) (Vaults:4)
  14 water elementals
  A human (shapeshifter) (D:14)
  A centaur simulacrum (D:14)
  17 yaks
  5 wraiths
  A basilisk (D:14)
  A basilisk (shapeshifter) (Elf:3)
  A wyvern (D:15)
  2 fire bats
  14 vampire mosquitoes
  44 nagas
  9 swamp worms
  An iron troll simulacrum (IceCv)
  A water moccasin (Snake:2)
  An acid dragon (D:13)
  4 hydra simulacra (IceCv)
  A soldier ant (shapeshifter) (Depths:3)
  A floating eye (shapeshifter) (Depths:4)
  9 ice beasts
  An eye of draining (D:15)
  10 orc warriors
  8 swamp drakes
  2 black bears
  A phantom (D:10)
  15 ogres
  A wolf (Lair:5)
  15 centaurs
  10 boggarts
  2 big kobolds (D:13)
  12 nameless horrors
  2 earth elementals
  4 bullfrogs
  2 scorpions
  A killer bee (D:12)
  2 electric eels (Snake:3)
  A jelly (D:11)
  A wyvern simulacrum (D:14)
  9 orc priests
  A hound (D:13)
  21 orc wizards
  Jessica (D:3)
  Natasha (thrice) (D:4)
  2 iguanas
  6 worker ants
  A hound skeleton (D:8)
  A river rat (Lair:2)
  8 adders
  A river rat (shapeshifter) (Vaults:5)
  A shadow imp (D:9)
  A white imp (D:9)
  An ufetubus (D:5)
  2 oozes
  An adder skeleton (D:9)
  7 dart slugs
  2 leopard geckos (D:3)
  26 orcs
  4 bats
  3 giant cockroaches
  3 goblins
  3 hobgoblins
  5 jackals
  10 kobolds
  3 quokkas
  A frilled lizard (D:3)
  A quokka skeleton (D:5)
  A quokka zombie (D:5)
  15 rats
965 creatures vanquished.

Vanquished Creatures (collateral kills)
  An ancient lich (Vaults:5)
  A juggernaut (Depths:5)
  Margery (Vaults:2)
  Frederick (Vaults:4)
  Bai Suzhen (Vaults:4)
  2 shard shrikes (Zot:1)
  Vashnia (Snake:2)
  4 golden dragons
  5 caustic shrikes
  the Enchantress (Depths:2)
  2 electric golems (Zot:1)
  Jorgrun (D:12)
  6 tentacled monstrosities
  2 deep elf blademasters (Elf:3)
  A titan (Depths:4)
  A deep elf master archer (Elf:3)
  A quicksilver dragon (Depths:4)
  Kirke (Snake:2)
  A sphinx (Vaults:2)
  8 storm dragons
  2 thorn hunters (Swamp:4)
  7 nagarajas (Snake:4)
  3 shadow dragons
  Roxanne (Snake:1)
  5 tengu reavers
  An azure jelly (Snake:2)
  4 draconian monks
  7 frost giants
  2 fire giants
  A fenstrider witch (Swamp:3)
  Aizul (Snake:1)
  The ghost of Nuulonny the Executioner, a journeyman MiHu of Uskayaw (Elf:1)
  2 draconian knights
  5 vault wardens
  5 deep elf sorcerers
  A ghoul (Vaults:1)
  An iron dragon (Depths:2)
  2 orc warlords
  4 deep elf elementalists
  7 very ugly things
  2 draconian shifters (Zot:1)
  4 spriggan defenders
  4 draconian stormcallers
  6 green draconians
  3 draconian annihilators
  6 ironheart preservers
  2 caustic shrike skeletons (Depths:2)
  3 stone giants
  6 deep elf demonologists
  A dire elephant (Depths:2)
  10 deep elf annihilators
  3 black draconians
  A vampire knight (Depths:2)
  3 bunyips
  4 spark wasps (Depths:4)
  2 minotaurs
  3 white draconians
  2 yellow draconians (Zot:1)
  5 purple draconians
  3 red draconians
  A spark wasp (shapeshifter) (Vaults:5)
  6 deep elf death magi
  Josephine (Orc:1)
  A merfolk impaler (Elf:1)
  7 ettins
  A merfolk javelineer (Orc:1)
  A jiangshi (Depths:4)
  4 fire dragons
  4 great orbs of eyes
  5 ice dragons
  2 shambling mangroves (Swamp:4)
  A deep elf high priest (Elf:3)
  15 vault guards
  3 yaktaur captains
  21 naga warriors
  A rakshasa (Depths:1)
  3 catoblepae (Lair:6)
  A boulder beetle (Vaults:4)
  3 spriggan air magi (Depths:2)
  2 death knights
  14 hydras
  8 centaur warriors
  4 anacondas
  5 ogre magi
  14 two-headed ogres
  7 alligators
  5 deep troll shamans
  7 dancing weapons
  12 death yaks
  4 tengu warriors
  5 deep troll earth magi
  Nergalle (D:11)
  4 spriggan berserkers
  12 deep elf knights
  18 naga sharpshooters
  4 goliath frogs
  A sixfirhy (Depths:3)
  4 iron trolls
  10 hell knights
  3 salamander mystics
  3 swamp dragons
  A sea snake (Snake:3)
  10 deep trolls
  4 naga ritualists
  3 spriggan druids
  3 deep elf archers
  A torturous demonspawn (Depths:3)
  2 large abominations (Elf:3)
  10 wizards
  6 unseen horrors
  3 ironbrand convokers
  4 bog bodies
  2 lindwurms
  7 orc knights
  6 necromancers
  A wolf spider (Vaults:1)
  5 orc sorcerers (Orc:2)
  21 deep elf magi
  A wolf spider zombie (D:13)
  6 mana vipers
  3 cyclopes
  12 ugly things
  3 manticores
  2 will-o-the-wisps (Swamp:2)
  4 salamanders
  7 guardian serpents
  Maurice (D:11)
  3 naga magi
  A moth of wrath (Zot:1)
  12 black mambas
  A torpor snail (Lair:4)
  4 vault sentinels
  A gargoyle (D:15)
  A cane toad (shapeshifter) (D:13)
  12 cane toads
  A kobold demonologist (D:14)
  2 efreet
  A rime drake (shapeshifter) (Vaults:3)
  A rime drake (Lair:5)
  A centaur skeleton (D:13)
  A tormentor (Depths:3)
  6 komodo dragons
  19 yaktaurs
  2 freezing wraiths
  7 trolls
  A hellwing (Depths:3)
  A yaktaur skeleton (Vaults:1)
  3 tyrant leeches (Swamp:1)
  A wind drake (Depths:4)
  12 polar bears
  2 hornets (shapeshifter) (Vaults:4)
  8 blink frogs
  19 hornets
  10 slime creatures
  Grinder (D:4)
  An ettin zombie (Vaults:1)
  Sigmund (D:4)
  20 spriggans
  An air elemental (Elf:3)
  A spriggan skeleton (Depths:3)
  10 wraiths
  2 water elementals
  A shadow (D:11)
  2 hogs (Snake:2)
  7 wyverns
  62 yaks
  2 fire elementals
  A human (D:12)
  7 basilisks
  3 fire bats (Lair:5)
  6 vampire mosquitoes
  A harpy simulacrum (Vaults:1)
  22 nagas
  A naga (shapeshifter) (D:14)
  5 wargs
  A soldier ant (D:12)
  7 swamp worms
  2 acid dragons
  13 water moccasins
  A hydra simulacrum (IceCv)
  2 swamp drakes (Swamp:4)
  36 orc warriors
  3 sky beasts
  6 black bears (Lair:1)
  6 ice beasts
  An eye of draining (D:15)
  6 ogres
  A phantom (D:5)
  4 necrophages
  11 centaurs
  8 wolves
  A human skeleton (Vaults:1)
  3 big kobolds
  5 nameless horrors
  5 elf zombies (Elf:3)
  A gnoll sergeant (D:7)
  11 bullfrogs
  2 earth elementals (Elf:2)
  A wyvern skeleton (D:11)
  A scorpion (D:11)
  7 killer bees
  3 electric eels
  A wight (D:14)
  A howler monkey (D:5)
  2 centaur zombies
  2 bullfrog zombies (D:12)
  A quasit (D:7)
  18 orc priests
  3 hounds
  6 jellies
  27 orc wizards
  An iron imp (Depths:1)
  2 bullfrog skeletons (D:9)
  4 worker ants
  2 iguanas
  8 hell rats (Lair:2)
  A hound zombie (D:5)
  A hound skeleton (D:10)
  A worker ant zombie (D:6)
  Robin (D:3)
  4 gnolls (D:7)
  2 adders
  13 river rats (Lair:2)
  2 shadow imps
  2 white imps
  2 oozes (Lair:5)
  An adder zombie (D:10)
  2 worms
  9 dart slugs
  84 orcs
  3 bats (D:1)
  A giant cockroach (D:6)
  8 goblins
  5 hobgoblins
  5 jackals
  17 kobolds
  6 quokkas
  A ball python (Snake:2)
  A frilled lizard (D:2)
  A quokka skeleton (D:10)
  22 rats
1244 creatures vanquished.

Vanquished Creatures (others)
  Nikola (Vaults:2)
  2 tentacled monstrosities (Vaults:5)
  4 titans (Vaults:5)
  A lich (Vaults:5)
  A deep elf master archer (Elf:3)
  2 sphinxes (Vaults:5)
  2 tengu reavers (Vaults:5)
  A draconian monk (Zot:1)
  A shadow dragon (Vaults:5)
  3 deep elf sorcerers (Vaults:5)
  A frost giant (Vaults:5)
  3 ironheart preservers (Vaults:5)
  6 vault wardens (Vaults:5)
  A deep elf elementalist (Vaults:5)
  A stone giant (Vaults:5)
  A purple draconian (Zot:1)
  2 ettins (Vaults:5)
  A deep elf death mage (Vaults:5)
  A yaktaur captain (Vaults:5)
  8 vault guards (Vaults:5)
  An ice dragon (Zot:1)
  A spriggan air mage (Depths:2)
  Fannar (D:11)
  7 dancing weapons
  A spriggan berserker (Depths:2)
  A swamp dragon (Swamp:3)
  An ironbrand convoker (Vaults:5)
  A troll (Vaults:5)
  2 deep elf magi
  A black mamba (Snake:4)
  2 vault sentinels (Vaults:5)
  A centaur skeleton (D:14)
  2 yaktaurs (Vaults:5)
  2 bloated husks
  A spriggan (Depths:2)
  A water elemental (Elf:2)
  2 vampire mosquitoes
  A warg (Vaults:5)
  A naga (Snake:4)
  3 orc warriors (Vaults:5)
  An orc priest (Vaults:5)
  An orc (Vaults:5)
  A quokka (D:6)
  2 bushes (Depths:2)
  16 foxfires
  28 fungi
  104 plants
  7 snaplasher vines
236 creatures vanquished.

Grand Total: 2445 creatures vanquished

Notes
Turn   | Place    | Note
-------+----------+-------------------------------------------
     0 | D:1      | 2FriedEggs the Deep Elf Summoner began the quest for the
                  | Orb.
     0 | D:1      | Reached XP level 1. HP: 10/10 MP: 6/6
     6 | D:1      | Noticed an anaconda
     6 | D:1      | Noticed a komodo dragon
     6 | D:1      | Noticed a swamp drake
     6 | D:1      | Noticed a polar bear
     6 | D:1      | Noticed a wolf
   447 | D:1      | Reached XP level 2. HP: 9/15 MP: 8/8
   450 | D:1      | Learned a level 2 spell: Call Imp
  1217 | D:1      | Reached skill level 5 in Summonings
  1815 | D:2      | Reached XP level 3. HP: 18/19 MP: 10/10
  2602 | D:2      | Learned a level 3 spell: Call Canine Familiar
  2797 | D:2      | Reached XP level 4. HP: 21/24 MP: 2/12
  2933 | D:2      | Learned a level 4 spell: Summon Ice Beast
  3589 | D:3      | Noticed Jessica
  3591 | D:3      | You fall into a shaft and drop 1 floor!
  3591 | D:4      | Noticed Natasha
  3601 | D:4      | Killed Natasha
  3602 | D:4      | Reached skill level 1 in Ice Magic
  3928 | D:3      | Killed Jessica
  3929 | D:3      | Reached skill level 6 in Summonings
  4069 | D:3      | Noticed Robin
  4090 | D:3      | Killed Robin
  4091 | D:3      | Reached XP level 5. HP: 28/28 MP: 13/13
  4460 | D:4      | Noticed Grinder
  4489 | D:4      | Paralysed by Grinder for 2 turns
  4491 | D:4      | Killed Grinder
  4642 | D:4      | Reached XP level 6. HP: 32/32 MP: 6/15
  4882 | D:4      | Noticed Natasha
  4891 | D:4      | Killed Natasha
  4892 | D:4      | Reached skill level 5 in Spellcasting
  5004 | D:4      | Found a burning altar of Makhleb.
  5098 | D:4      | Got a blackened ring mail
  5139 | D:4      | Identified the +3 ring mail "Zaoxutec" {Rampage Dex+4} (You
                  | found it on level 4 of the Dungeon)
  5299 | D:4      | Noticed Sigmund
  5323 | D:4      | Killed Sigmund
  5324 | D:4      | Reached skill level 7 in Summonings
  5483 | D:4      | Learned a level 4 spell: Summon Lightning Spire
  5495 | D:4      | Noticed Edmund
  5496 | D:4      | Noticed Edmund
  5496 | D:4      | Edmund changed into Edmund the centaur
  5504 | D:4      | Killed Edmund the centaur
  5627 | D:5      | Entered Level 5 of the Dungeon
  5643 | D:5      | Found a runed translucent door.
  5648 | D:5      | Reached XP level 7. HP: 36/36 MP: 10/17
  5691 | D:5      | Noticed Demosthentine's ghost (novice FoFi)
  5995 | D:5      | Found a glowing golden altar of the Shining One.
  6036 | D:5      | Found a bloodstained altar of Trog.
  6863 | D:6      | Reached skill level 5 in Ice Magic
  7049 | D:6      | Reached skill level 8 in Summonings
  7418 | D:6      | Reached XP level 8. HP: 34/41 MP: 10/19
  7668 | D:6      | Reached skill level 1 in Air Magic
  8047 | D:6      | Found a staircase to the Ecumenical Temple.
  8222 | Temple   | Entered the Ecumenical Temple
  8264 | Temple   | Became a worshipper of Gozag Ym Sagoz the Greedy
  8631 | D:7      | Found a flagged portal.
  8657 | Bailey   | Entered a bailey
  9057 | Bailey   | Noticed an orc knight
  9120 | Bailey   | Noticed an orc knight
  9395 | Bailey   | Identified the cursed +1 gold dragon scales of Etawerop
                  | {rElec rPois rF+ rC+}
  9395 | Bailey   | Identified the +4 kite shield of Grace {*Slow rPois Int+4}
  9843 | Bailey   | Killed an orc knight
  9844 | Bailey   | Reached skill level 9 in Summonings
 10708 | D:7      | Found an ornate altar of the Wu Jian Council.
 10851 | D:5      | Killed Demosthentine's ghost
 10852 | D:5      | Reached XP level 9. HP: 27/45 MP: 0/22
 10862 | D:5      | Got a smoking golden ring
 10863 | D:5      | Identified the ring "Coefih" {rC- MR+ rCorr Stlth+} (You
                  | found it on level 5 of the Dungeon)
 11148 | D:7      | Noticed a two-headed ogre
 11397 | D:6      | Killed a two-headed ogre
 11398 | D:6      | Reached skill level 5 in Dodging
 11398 | D:6      | Reached skill level 10 in Summonings
 11799 | D:6      | Found a staircase to the Ecumenical Temple.
 12217 | D:7      | Found Zuehij's Distillery.
 12248 | D:7      | Bought a potion of heal wounds for 75 gold pieces
 12248 | D:7      | Bought a potion of curing for 45 gold pieces
 12257 | D:7      | Found Egunnit's Antique Weapon Boutique.
 12391 | D:7      | Found a stormy altar of Qazlal.
 12406 | D:7      | Found Naxew's Antique Armour Shoppe.
 12515 | D:7      | Found a broken altar of Ashenzari.
 12532 | D:7      | Got a fine ring mail
 12543 | D:7      | Identified the +8 ring mail of Indomitability {rC- rN+
                  | Int+3 Slay+2} (You found it on level 7 of the Dungeon)
 12832 | D:8      | Found a hide-covered altar of Uskayaw.
 12984 | D:8      | Found a shimmering altar of Xom.
 12985 | D:8      | Found a hazy altar of Hepliaklqana.
 12986 | D:8      | Noticed a spectral ugly thing
 13054 | D:8      | Noticed Harold
 13069 | D:8      | Killed Harold
 13362 | D:8      | Found an ancient bone altar of Kikubaaqudgha.
 13717 | D:9      | Reached skill level 11 in Summonings
 13969 | D:9      | Found a bloodstained altar of Trog.
 14355 | D:9      | Found a white marble altar of Elyvilon.
 14512 | D:9      | Found a staircase to the Lair.
 14658 | D:10     | Entered Level 10 of the Dungeon
 15055 | D:10     | Reached XP level 10. HP: 39/50 MP: 13/25
 16295 | D:11     | Reached skill level 12 in Summonings
 16305 | D:11     | Reached skill level 10 in Spellcasting
 16605 | D:11     | Killed an unseen horror
 16673 | D:11     | Noticed a manticore
 16682 | D:11     | Killed a manticore
 16788 | D:11     | Noticed a necromancer
 16806 | D:11     | Killed a necromancer
 16819 | D:11     | Identified the Guide on Unstable Combat Magic
 17019 | D:11     | Noticed a deep elf knight
 17031 | D:11     | HP: 1/50 [orc warrior/+0 dire flail (12)]
 17158 | D:11     | Killed a deep elf knight
 17376 | D:11     | Noticed Maurice
 17440 | Lair:1   | Entered Level 1 of the Lair of Beasts
 17446 | Lair:1   | Noticed a cane toad
 17460 | Lair:1   | Killed a cane toad
 17473 | Lair:1   | Found a glowing silver altar of Zin.
 17489 | Lair:1   | Upgraded the game from 0.26-a0-831-g7192265339 to
                  | 0.26-a0-834-g69557b85cc
 17656 | Lair:1   | Reached skill level 13 in Summonings
 17752 | Lair:1   | Reached XP level 11. HP: 54/54 MP: 27/27
 17754 | Lair:1   | Noticed a seven-headed hydra
 17762 | Lair:1   | Killed a seven-headed hydra
 18024 | Lair:1   | Found a dark tunnel.
 18025 | Lair:1   | Noticed a lindwurm
 18104 | Lair:1   | Killed a lindwurm
 18131 | Volcano  | Entered a volcano
 18343 | Lair:1   | Learned a level 1 spell: Sting
 19092 | Lair:2   | Reached skill level 1 in Poison Magic
 20213 | Lair:2   | Noticed an oklob plant
 20752 | Lair:2   | Noticed a five-headed hydra
 20758 | Lair:2   | Killed a five-headed hydra
 20897 | Lair:2   | Reached skill level 10 in Dodging
 20960 | Lair:2   | Noticed a four-headed hydra
 20967 | Lair:2   | Killed a four-headed hydra
 21566 | Lair:2   | Noticed an oklob plant
 21568 | Lair:2   | Noticed an oklob plant
 21568 | Lair:2   | Noticed an oklob plant
 21790 | Lair:3   | Noticed a seven-headed hydra
 21798 | Lair:3   | Killed a seven-headed hydra
 22046 | Lair:3   | Found a staircase to the Snake Pit.
 22975 | Lair:4   | Reached skill level 1 in Fighting
 23124 | Lair:4   | Noticed a death yak
 23147 | Lair:4   | Killed a death yak
 23292 | Lair:4   | Reached skill level 1 in Armour
 23455 | Lair:4   | Reached XP level 12. HP: 62/62 MP: 20/31
 23605 | Lair:4   | Noticed a five-headed hydra
 23612 | Lair:4   | Killed a five-headed hydra
 24775 | Lair:4   | Found a staircase to the Swamp.
 25181 | Lair:5   | Found a staircase to the Slime Pits.
 26670 | D:4      | Noticed Natasha
 26673 | D:4      | Killed Natasha
 27100 | D:9      | Bought a glowing leather armour for 145 gold pieces
 27761 | Lair:6   | Entered Level 6 of the Lair of Beasts
 27944 | Lair:5   | Reached skill level 1 in Bows
 28949 | Lair:6   | Noticed a catoblepas
 28998 | Lair:6   | Killed a catoblepas
 29120 | Lair:6   | Noticed a catoblepas
 29148 | Lair:6   | Killed a catoblepas
 29565 | Lair:6   | Reached skill level 5 in Bows
 29698 | Lair:6   | Noticed a death yak
 29795 | Lair:6   | Noticed a death yak
 29808 | Lair:6   | Noticed a death yak
 29810 | Lair:6   | Noticed a death yak
 29811 | Lair:6   | Killed a death yak
 29820 | Lair:6   | Killed a death yak
 29995 | Lair:6   | Killed a death yak
 30004 | Lair:6   | Killed a death yak
 30146 | Lair:6   | Noticed a death yak
 30167 | Lair:6   | Noticed a death yak
 30182 | Lair:6   | Killed a death yak
 30208 | Lair:6   | Killed a death yak
 30362 | Lair:6   | Noticed a death yak
 30410 | Lair:6   | Killed a death yak
 30411 | Lair:6   | Reached XP level 13. HP: 68/72 MP: 3/32
 31199 | D:11     | Noticed Nergalle
 31214 | D:11     | Killed Nergalle
 31361 | D:11     | Found an iron altar of Okawaru.
 31361 | D:11     | Noticed an orc warlord
 31445 | D:11     | Reached skill level 5 in Fighting
 31597 | D:11     | Killed Maurice
 31981 | D:11     | Identified the +6 chain mail "Ziwnam" {+Fly rC+ rCorr
                  | Slay-6}
 32147 | D:11     | Noticed Fannar
 32165 | D:11     | Killed Fannar
 32380 | D:11     | Got a dazzling leather armour
 32392 | D:11     | Identified the +0 leather armour of Neuff {-Tele +Inv rPois
                  | Stlth+} (You found it on level 11 of the Dungeon)
 32401 | D:11     | Got a smelly leather armour
 32407 | D:11     | Identified the +2 leather armour "Zellask" {rElec rN+ MP+9
                  | Str+4} (You found it on level 11 of the Dungeon)
 32531 | D:11     | Killed an orc warlord
 32557 | D:11     | Got a crude leather armour
 32568 | D:11     | Identified the +1 leather armour "Qoud" {rC- Dex+6} (You
                  | found it on level 11 of the Dungeon)
 33312 | D:12     | Found a staircase to the Orcish Mines.
 34010 | D:12     | Found the +3 warlock's mirror {reflect}
 34010 | D:12     | Identified the cursed +1 mace of Coiw {vorpal, rF+ MR-
                  | Str+10}
 34300 | D:12     | Learned a level 3 spell: Portal Projectile
 34323 | D:12     | Found an opulent altar of Gozag.
 34481 | D:12     | Noticed Jorgrun
 34494 | D:12     | Killed Jorgrun
 34495 | D:12     | Reached skill level 10 in Bows
 34495 | D:12     | Reached skill level 1 in Translocations
 34593 | D:12     | Found Fouwirirph's Antique Armour Boutique.
 36262 | D:14     | Found a gate leading to a gauntlet.
 36319 | D:14     | Learned a level 6 spell: Shadow Creatures
 36341 | D:14     | Got a bronze scale mail
 36351 | Gauntlet | Entered a Gauntlet
 36351 | Gauntlet | Found a transporter.
 36358 | Gauntlet | Found a transporter.
 36361 | Gauntlet | Found a transporter.
 36362 | Gauntlet | Found a transporter.
 36370 | Gauntlet | Found a transporter.
 36373 | Gauntlet | Found a transporter.
 36374 | Gauntlet | Found a transporter.
 36382 | Gauntlet | Found a transporter.
 36385 | Gauntlet | Found a transporter.
 36386 | Gauntlet | Found a transporter.
 36393 | Gauntlet | Noticed a green death
 36397 | Gauntlet | Found a transporter.
 36398 | Gauntlet | Found a transporter.
 36400 | Gauntlet | Identified the ring of Kumuagoe {rPois Str+6 Stlth+}
 36402 | Gauntlet | Found a transporter.
 36406 | Gauntlet | Found a transporter.
 36767 | D:14     | Found a runed translucent door.
 37419 | D:14     | Reached skill level 5 in Translocations
 37651 | D:14     | Reached skill level 5 in Hexes
 37651 | D:14     | Reached XP level 14. HP: 79/79 MP: 11/33
 37987 | D:14     | Found a blossoming altar of Fedhas.
 38389 | D:14     | Found a gate to the Vaults.
 38523 | D:14     | Found a runed translucent door.
 38756 | D:15     | Entered Level 15 of the Dungeon
 39296 | D:15     | Found a staircase to the Depths.
 39296 | D:15     | Noticed a fire giant
 40817 | D:15     | Killed a fire giant
 41228 | D:15     | Identified the cursed +1 scale mail of the Lost Thickets
                  | {Harm +Inv rF-} (You found it on level 14 of the Dungeon)
 41435 | Orc:1    | Entered Level 1 of the Orcish Mines
 41887 | Orc:1    | Found a runed translucent gate.
 41888 | Orc:1    | Found a runed translucent gate.
 41889 | Orc:1    | Found a runed translucent gate.
 41889 | Orc:1    | Noticed Chimkentus's ghost (journeyman FoFi)
 41922 | Orc:1    | Noticed Josephine
 41933 | Orc:1    | Killed Josephine
 41938 | Orc:1    | Reached skill level 14 in Summonings
 42206 | Orc:1    | Found an iron altar of Okawaru.
 42308 | Orc:2    | Entered Level 2 of the Orcish Mines
 42318 | Orc:2    | Found a staircase to the Elven Halls.
 44288 | Orc:2    | Found Lurphe's Distillery.
 44439 | Orc:2    | Found an ancient bone altar of Kikubaaqudgha.
 44585 | Orc:2    | Found Jeso's Antique Weapon Boutique.
 44585 | Orc:2    | Noticed Erolcha
 44625 | Orc:2    | Killed Erolcha
 44761 | Orc:2    | Found a radiant altar of Vehumet.
 44781 | Orc:2    | Found Ejusch's Antique Weapon Shop.
 44789 | Orc:2    | Bought a glowing shortbow for 162 gold pieces
 44836 | Orc:2    | Found a roughly hewn altar of Beogh.
 44904 | Orc:2    | Found Meuriz's Book Shop.
 45368 | D:9      | Bought a pair of runed boots for 217 gold pieces
 45368 | D:9      | Bought a pair of glowing boots for 217 gold pieces
 45386 | D:9      | Bought the amulet of Laxzy {Reflect rC+ Int+4 Dex+4 Slay+2
                  | SH+5} for 1245 gold pieces
 45419 | D:9      | Upgraded the game from 0.26-a0-834-g69557b85cc to
                  | 0.26-a0-835-g8259106e14
 45542 | Swamp:1  | Entered Level 1 of the Swamp
 45917 | Snake:1  | Entered Level 1 of the Snake Pit
 46103 | Snake:1  | Found Amoen's Assorted Antiques.
 46103 | Snake:1  | Noticed Asterion
 46132 | Snake:1  | Killed Asterion
 47626 | Snake:1  | Identified Roxanne's Handbook of the Rocks
 47626 | Snake:1  | Noticed Roxanne
 47641 | Snake:1  | Killed Roxanne
 47642 | Snake:1  | Reached XP level 15. HP: 54/88 MP: 8/34
 48392 | Snake:2  | Noticed Aizul
 48751 | Snake:2  | Noticed an azure jelly
 48763 | Snake:2  | Killed an azure jelly
 48780 | Snake:2  | Found a frozen archway.
 48786 | IceCv    | Entered an ice cave
 49008 | IceCv    | Got a thick robe
 49010 | IceCv    | Identified the +1 robe of Somewhere Else {+Inv rF- Str+7}
                  | (You found it in an ice cave)
 49513 | IceCv    | Reached skill level 15 in Dodging
 50566 | Snake:2  | Noticed Kirke
 50575 | Snake:2  | Killed Kirke
 51225 | Snake:2  | Noticed Vashnia
 51243 | Snake:1  | Killed Aizul
 52582 | Snake:2  | Killed Vashnia
 53239 | Snake:3  | Found Miveaskeo's Jewellery Emporium.
 53584 | Snake:3  | Reached skill level 10 in Fighting
 54858 | Snake:3  | Found Deokyopp's Magic Scroll Shoppe.
 54923 | Snake:3  | Found Joul Qol's Distillery.
 54972 | Snake:3  | Found Xicas's Distillery.
 54983 | Snake:3  | Bought a potion of heal wounds for 95 gold pieces
 54983 | Snake:3  | Bought a potion of heal wounds for 95 gold pieces
 55587 | Snake:4  | Entered Level 4 of the Snake Pit
 55587 | Snake:4  | Found Ohetrew's Antique Armour Boutique.
 55646 | Snake:4  | Noticed a nagaraja
 55661 | Snake:4  | Killed a nagaraja
 55662 | Snake:4  | Reached XP level 16. HP: 98/98 MP: 14/35
 55906 | Snake:4  | Found Jell's Antique Weapon Shop.
 61903 | Snake:4  | Got a serpentine rune of Zot
 62230 | Snake:4  | Found Jell's Antique Weapon Shop.
 62240 | Snake:4  | Found Ohetrew's Antique Armour Boutique.
 62671 | Swamp:1  | Reached XP level 17. HP: 81/108 MP: 17/36
 63495 | Swamp:1  | Found a transporter.
 63504 | Swamp:1  | Noticed littlecub's ghost (journeyman DEIE)
 63517 | Swamp:1  | Found a transporter.
 65896 | Swamp:4  | Entered Level 4 of the Swamp
 68152 | Swamp:4  | Got a decaying rune of Zot
 68469 | D:9      | Bought a glowing ring mail for 203 gold pieces
 68477 | D:9      | Bought the ring "Elaesmora" {rElec rPois rF- rN+++ MR+} for
                  | 686 gold pieces
 68478 | D:9      | Bought the ring "Ithug" {*Contam rF+++ MP+9 Str+4 Dex+2}
                  | for 1242 gold pieces
 68499 | D:9      | Bought quicksilver dragon scales for 1740 gold pieces
 68645 | Elf:1    | Entered Level 1 of the Elven Halls
 69191 | Elf:1    | Reached skill level 5 in Armour
 69437 | Elf:1    | Identified the Handbook of the Entourage
 69447 | Elf:1    | Learned a level 7 spell: Summon Hydra
 69453 | Elf:1    | Learned a level 5 spell: Summon Forest
 69785 | Elf:1    | Got a flickering lapis lazuli ring
 69805 | Elf:1    | Identified the ring "Naarghiu" {Fire rN+} (You found it on
                  | level 1 of the Elven Halls)
 69897 | Elf:1    | Found a runed translucent gate.
 69897 | Elf:1    | Found a runed translucent gate.
 69897 | Elf:1    | Found a runed translucent gate.
 69898 | Elf:1    | Noticed Nuulonny's ghost (journeyman MiHu)
 69899 | Elf:1    | Found an iron altar of Okawaru.
 69932 | Elf:1    | Found a shimmering blue altar of Sif Muna.
 70473 | Elf:2    | Found a radiant altar of Vehumet.
 71321 | Elf:2    | Found a runed translucent gate.
 71321 | Elf:2    | Found a runed translucent gate.
 71321 | Elf:2    | Found a runed translucent gate.
 71381 | Elf:2    | Reached XP level 18. HP: 109/116 MP: 37/37
 71493 | Elf:2    | Learned a level 4 spell: Passage of Golubria
 71749 | Elf:3    | Entered Level 3 of the Elven Halls
 72016 | Elf:3    | Noticed a Brimstone Fiend
 72087 | Elf:3    | Identified the +2 trident of Wondrous Power {vorpal,
                  | *Corrode +Inv rElec Int-2}
 72736 | Elf:3    | Reached skill level 15 in Summonings
 73065 | Elf:3    | Identified the ring of Vaiviane {rPois rC+ Int+3}
 73085 | Elf:3    | Identified the cursed +2 spear of Overwhelming Force
                  | {vorpal, Str+4 Int+3}
 73964 | Elf:3    | Identified Wamami's Handbook of Evil
 74266 | Elf:3    | Found the +0 mask of the Dragon {MR+ Slay+3 SInv}
 74335 | Elf:3    | Found the amulet of the Air {Inacc +Fly rElec EV+5 RMsl}
 74428 | Elf:3    | Identified Jiakulan's Volume of Dislocation
 74433 | Elf:3    | Learned a level 2 spell: Blink
 74433 | Elf:3    | Identified the Volume of Stones
 74442 | Elf:3    | Identified the Handbook of Enchanting Moulding
 74665 | Elf:3    | Identified the +2 spear of Compound Interest {antimagic,
                  | MR+ Int+2 Dex+4}
 74684 | Elf:3    | HP: 5/116 [deep elf master archer/arrow (21)]
 75825 | D:12     | Bought a brightly glowing ring mail for 243 gold pieces
 75825 | D:12     | Identified the +0 ring mail of Tenacity {rElec rPois rN+
                  | Int-4} (You bought it in a shop on level 12 of the Dungeon)
 75924 | Vaults:1 | Entered Level 1 of the Vaults
 76628 | Orc:1    | Killed Chimkentus's ghost
 77070 | Elf:1    | Killed Nuulonny's ghost
 77352 | Elf:1    | Reached skill level 16 in Summonings
 78193 | Vaults:1 | Upgraded the game from 0.26-a0-835-g8259106e14 to
                  | 0.26-a0-844-g3dd439832f
 78733 | Vaults:1 | Identified the +5 kite shield "Sietif" {rC+ MR- Dex+3}
 78733 | Vaults:1 | Noticed Donald
 78761 | Vaults:1 | Killed Donald
 78963 | Vaults:1 | Found a transporter.
 78999 | Vaults:1 | Found a transporter.
 79214 | Vaults:1 | Identified the +0 robe of the Evening Star {rF+}
 79820 | Vaults:1 | Reached skill level 15 in Spellcasting
 80137 | Vaults:1 | Reached XP level 19. HP: 77/120 MP: 26/40
 80523 | Vaults:1 | Reached skill level 17 in Summonings
 81643 | Vaults:2 | Noticed Saint Roka
 81674 | Vaults:2 | Killed Saint Roka
 81952 | Vaults:2 | Noticed Margery
 81963 | Vaults:2 | Killed Margery
 82328 | Vaults:2 | Noticed Mennas
 82364 | Vaults:2 | Killed Mennas
 82648 | Vaults:2 | Noticed Nikola
 82663 | Vaults:2 | Killed Nikola
 82917 | Vaults:2 | Noticed Sojobo
 82942 | Vaults:2 | Killed Sojobo
 83243 | Vaults:2 | Reached skill level 18 in Summonings
 86131 | Vaults:3 | Found Zian's Gadget Boutique.
 86372 | Vaults:3 | Found a staircase to the Crypt.
 87167 | Vaults:3 | Upgraded the game from 0.26-a0-844-g3dd439832f to
                  | 0.26-a0-846-gcc8f1ee719
 87189 | Vaults:4 | Reached skill level 19 in Summonings
 87431 | Vaults:4 | Reached XP level 20. HP: 126/126 MP: 34/42
 87729 | Vaults:4 | Noticed Frederick
 87754 | Vaults:4 | Killed Frederick
 88208 | Vaults:4 | Reached skill level 10 in Armour
 89227 | Vaults:4 | Found Dothry's Jewellery Shoppe.
 89314 | Vaults:4 | Noticed Bai Suzhen
 89336 | Vaults:4 | Killed Bai Suzhen
 89553 | Vaults:4 | Reached skill level 20 in Summonings
 90127 | Depths:1 | Entered Level 1 of the Depths
 90576 | D:9      | Bought a book of the Dragon for 1260 gold pieces
 90586 | D:9      | Learned a level 9 spell: Dragon's Call
 90744 | Depths:1 | Found a gateway to Hell.
 91989 | Depths:1 | Found a one-way gate leading to the halls of Pandemonium.
 92958 | Depths:2 | Reached skill level 21 in Summonings
 93207 | Depths:2 | Found a gateway to a ziggurat.
 94081 | Depths:2 | Found a bloodstained altar of Trog.
 94386 | Depths:2 | Identified the +6 dagger "Risasir" {protect, *Noise MR+
                  | Str+4 Int+7}
 94772 | Depths:2 | Noticed the Enchantress
 94778 | Depths:2 | Identified the cursed +4 giant club of Giaveogi {pain,
                  | *Contam rC+ MR+ Dex+7}
 94778 | Depths:2 | Identified the cursed +11 giant club of Valour {vorpal, MR-
                  | Str+2 SInv}
 94794 | Depths:2 | Killed the Enchantress
 95289 | Depths:2 | Reached skill level 22 in Summonings
 95318 | Depths:2 | Reached XP level 21. HP: 126/131 MP: 43/43
 97856 | Depths:3 | Identified the +8 broad axe of the Skies Above {drain, rF+
                  | rN+ MR- Dex+4} (You found it on level 3 of the Depths)
 97925 | Depths:4 | Reached skill level 23 in Summonings
 98591 | Depths:4 | Found a one-way gate to the infinite horrors of the Abyss.
100377 | Depths:4 | Noticed a caustic shrike
100386 | Depths:4 | Killed a caustic shrike
100534 | Depths:4 | Reached skill level 24 in Summonings
100676 | Depths:5 | Entered Level 5 of the Depths
101309 | Depths:5 | Noticed a caustic shrike
101310 | Depths:5 | Noticed a caustic shrike
101314 | Depths:5 | Noticed a caustic shrike
101314 | Depths:5 | Noticed a caustic shrike
101868 | Depths:5 | Identified the ring "Liakukk" {Str+6 Int+4 Dex+3 Slay-4}
101989 | Depths:5 | Killed a caustic shrike
102338 | Depths:5 | Noticed a juggernaut
102346 | Depths:5 | Killed a juggernaut
102347 | Depths:5 | Reached XP level 22. HP: 68/136 MP: 33/44
103485 | Depths:5 | Noticed a golden dragon
103498 | Depths:5 | Killed a golden dragon
103499 | Depths:5 | Reached skill level 25 in Summonings
104040 | Depths:5 | Killed a caustic shrike
104040 | Depths:5 | Killed a caustic shrike
104041 | Depths:5 | Killed a caustic shrike
104278 | Depths:5 | Noticed a golden dragon
104296 | Depths:5 | Killed a golden dragon
104959 | Depths:5 | Found a runed translucent door.
105007 | Depths:5 | Noticed an ancient lich
105008 | Depths:5 | Found the ring of the Mage {Wiz MR++ Int+3}
105450 | Depths:5 | Found a gate to the Realm of Zot.
106192 | Vaults:5 | Entered Level 5 of the Vaults
106572 | Vaults:5 | Noticed a golden dragon
106579 | Vaults:5 | Noticed a golden dragon
106750 | Vaults:5 | Killed a golden dragon
106751 | Vaults:5 | Reached skill level 26 in Summonings
107977 | Vaults:5 | Identified the amulet "Xeenug" {Faith Dex+2}
108202 | Vaults:5 | Identified the ring of Zumep {rPois MR+ Str+4}
108207 | Vaults:5 | Identified the +11 great mace of the Eternal Void {vorpal,
                  | Str+3 Stlth+}
108525 | Vaults:5 | Identified the Disquisition on Mutagenic Cold
108544 | Vaults:5 | Identified the +1 pair of boots "Icsown" {rN+} (You found
                  | it on level 5 of the Vaults)
108550 | Vaults:5 | Got a silver rune of Zot
108571 | Vaults:5 | Noticed an ancient lich
108588 | Vaults:5 | Killed an ancient lich
108599 | Vaults:5 | Identified the cursed ring of the Shining Light {+Fly rF+
                  | rC- Int+9 Dex-4}
108605 | Vaults:5 | Identified the +2 quarterstaff of the Invisible Eyes
                  | {flame, rPois Str-5 Int+4 Dex+10}
108996 | Vaults:5 | Noticed a golden dragon
109009 | Vaults:5 | Killed a golden dragon
109010 | Vaults:5 | Reached skill level 27 in Summonings
109012 | Vaults:5 | Reached XP level 23. HP: 141/141 MP: 23/45
110916 | Zot:1    | Entered Level 1 of the Realm of Zot
111293 | Zot:1    | You are sucked into a shaft and drop 1 floor!
112091 | Zot:1    | Noticed an orb of fire
112101 | Zot:1    | Killed an orb of fire
112484 | Zot:1    | Noticed a shard shrike
112489 | Zot:1    | Killed a shard shrike
112506 | Zot:1    | Noticed a shard shrike
112525 | Zot:1    | Killed a shard shrike
113625 | Zot:2    | Reached skill level 15 in Fighting
113674 | Zot:2    | HP: 3/144 [green draconian monk (6)]
113675 | Zot:2    | Killed from afar by a yellow draconian

Illustrated notes

Levels and vault maps discovered:
D:1:      onia_arrival_zoo_common, layout_loops_ring
D:2:      layout_basic, minmay_rat_hole
D:3:      layout_loops_ring, uniq_jessica, uniq_robin
D:4:      layout_gridville, old_standard_altar, sigmund_edmund_badplayer,
          uniq_grinder, uniq_natasha
D:5:      layout_loops_ring, lemuel_round_altar, tso_altar,
          ebering_ghost_inner_flame
D:6:      kennysheep_slugbush, layout_loops_ring, lemuel_temple_firewalk_b
D:7:      layout_rooms, evilmike_ruin_ashenzari, lemuel_crystal_altar,
          basic_altar, enter_bailey_5, serial_shops, kennysheep_mini_moat,
          shop_statue, shop, hangedman_decor_slide_cut
D:8:      layout_cave_pools, regret_index_temple_of_mockery, marbit_many_paths,
          eat_drink_and_be_merry_uskayaw, uniq_harold
D:9:      layout_rooms, kennysheep_mini, lair_entry_dummy,
          trog_three_pillars_becter
D:10:     layout_basic
D:11:     evilmike_iron_armoury, layout_irregular_city, minmay_librarian,
          uniq_nergalle, uniq_fannar, uniq_maurice
D:12:     minmay_smoke_and_mirrors, layout_stronghold, erik_orc_4, serial_shops,
          nicolae_shop_crystal, basic_altar, uniq_jorgrun
D:13:     layout_cross
D:14:     cheibrodos_histonic, layout_long_grid,
          lightli_vaults_fourway_checkpoint, gauntlet_entry_generic,
          fedhas_altar_3
D:15:     grunt_enter_depths_giant_problem, layout_basic
Temple:   minmay_temple_bridge_abc
Lair:1:   beast_lair_carwin_large_3, layout_regular_city,
          nicolae_volcano_entry_vermiform, basic_altar
Lair:2:   lemuel_ratsnest, layout_cave_pods, minmay_lair_oklob_chamber,
          infiniplex_staircase_pool_2
Lair:3:   layout_roguey, minmay_snake_entry_spellcaster,
          cheibrodos_lair_lostbears
Lair:4:   layout_loops_ring, nicolae_swamp_entry_splash_gauntlet
Lair:5:   layout_gridlike, nicolae_slime_entry_slimehenge, st_stairs_7,
          nicolae_quartered_pool_medium, chequers_serial_rivers_large_a
Lair:6:   evilmike_catoblepas_cave, layout_hall_layers, grunt_megastairs_5,
          infiniplex_staircase_pool
Swamp:1:  layout_basic_swamp, gammafunk_ghost_berserking_beasts,
          hangedman_swamp_pad
Swamp:2:  layout_falls_marsh, evilmike_swamp_ruin_house_4, swamp_pool5
Swamp:3:  layout_basic_swamp, evilmike_swamp_ruin_house_2
Swamp:4:  swamp_basic_johnstein, layout_basic_swamp, swamp_pool3
Snake:1:  layout_gridlike, serial_shops, nicolae_shop_waterfront, uniq_roxanne,
          uniq_asterion
Snake:2:  layout_rooms, portal_ice_cave_entry_horrid_things, minmay_snake_pond,
          uniq_aizul, uniq_kirke, uniq_vashnia
Snake:3:  layout_misc_corridors, serial_shops, shop, nicolae_shop_waterfront,
          shop, nicolae_shop_statue_plus, st_stairs_12, guppyfry_snake_island,
          lemuel_fruit_tree, serial_bayou_shore_b
Snake:4:  grunt_snake_rune_spirals, layout_onion_interference, serial_shops,
          shop, shop
Orc:1:    layout_diamond_mine, gammafunk_ghost_fury_of_okawaru,
          guppyfry_library_mini, uniq_josephine
Orc:2:    kennysheep_orc_mage_school, layout_caves
Elf:1:    layout_loops_corners, gammafunk_ghost_fury_of_okawaru, basic_altar,
          minmay_elf_demonology, fake_guardian_serpent_vault
Elf:2:    layout_geoelf_octagon, basic_altar, minmay_misc_feat_cross
Elf:3:    grunt_elf_hall_branching, layout_gridlike, minmay_elf_necromancy
Vaults:1: nicolae_vaults_big_angled_halls, v_misc_9, ontoclasm_vaults_ligature,
          v_pattern_3, gammafunk_its_a_trap, nicolae_vaults_stairing_the_circle,
          v_misc_28, nicolae_vaults_disjoint_gnomons, vaults_room_grid,
          v_rooms_6, v_misc_13, vaults_room_hallway, layout_vaults_maze,
          uniq_donald
Vaults:2: vaults_room_octagon, v_misc_8, nicolae_vaults_twisting_passages,
          v_alt_pattern_1, v_misc_3, nicolae_vaults_three_branches,
          hangedman_vaults_impose, ontoclasm_vaults_pinch,
          layout_vaults_omnigrid, uniq_saint_roka, uniq_mennas, uniq_sojobo,
          uniq_nikola, uniq_margery
Vaults:3: v_misc_22, hangedman_vaults_snaps, vaults_dpeg_spiral,
          vaults_room_ringed_pool, v_alt_pattern_1,
          minmay_crypt_entry_simple_walls, nicolae_vaults_little_squares_2,
          v_misc_2, vaults_standard_mumra_x, v_rooms_3,
          nicolae_vaults_specimen_jars, grunt_vaults_swirl,
          layout_vaults_big_room, serial_shops, shop
Vaults:4: hangedman_vaults_restitches, v_alt_pattern_2, v_alt_pattern_4,
          hangedman_vaults_stretched_pinwheel, nicolae_vaults_little_squares_2,
          hangedman_vaults_corner_blocks, vaults_dpeg_hooks, v_misc_29,
          hangedman_vaults_hat, ontoclasm_vaults_decontamination,
          ontoclasm_vaults_spin, hangedman_vaults_capsules,
          nicolae_vaults_ring_of_whatevers, nicolae_vaults_ring_of_whatevers,
          vaults_room_hallway, layout_vaults_ring, serial_shops, shop,
          uniq_bai_suzhen, uniq_frederick
Vaults:5
Depths:1: layout_cave_pools, serial_bayou, serial_bayou_lake_a,
          serial_bayou_pond_d, serial_bayou_lagoon_a, serial_bayou_pond_c,
          grunt_pan_entry_sceptre, pf_hell_entry_tar_river, evilmike_butchery
Depths:2: spriggan_forest, serial_shops, hell_entry
Depths:3: minmay_ambush_box, layout_basic, kennysheep_cluttered_room,
          rand_demon_pan_entry_5, hell_entry, infiniplex_staircase_pillars_3b
Depths:4: hangedman_arrow_trap, layout_cave_pools, minmay_splitting_lines,
          grunt_hell_entry_dis_old, abyss_entry, grunt_decor_cap,
          kennysheep_pointless_box, kennysheep_generic_room_11
Depths:5: lemuel_castle_with_subvaults [lemuel_castle_interior_carwin_1],
          layout_cave_pools, hell_entry,
          hangedman_abyss_or_decor_jellyfish_corner, minmay_guarded_unrand_mage
Zot:1:    minmay_elemental_castle, layout_onion
Zot:2:    grunt_twist_and_shout, layout_cathedral_of_symmetry

Skill      XL: |  1  2  3  4  5  6  7  8  9 10 11 12 13 14 15 16 17 18 19 20 21 22 23 |
---------------+----------------------------------------------------------------------+-----
Summonings     | 5 6 7 8 9 11 13 14 16 19 22 24 27 | 27.0
Spellcasting   | 4 5 6 7 9 10 13 15 16 | 16.1
Ice Magic      | 1 2 4 5 |  5.0
Air Magic      | 4 |  4.0
Dodging        | 4 6 8 11 12 13 14 16 18 20 | 20.1
Poison Magic   | 2 |  2.0
Fighting       | 1 4 5 8 10 12 13 15 | 15.0
Armour         | 1 4 5 7 9 10 11 | 11.8
Bows           | 6 11 14 | 14.0
Hexes          | 5 |  5.0
Translocations | 5 |  5.0
Stealth        | |  2.4

Action                   |  1- 3 |  4- 6 |  7- 9 | 10-12 | 13-15 | 16-18 | 19-21 | 22-24 || total
-------------------------+-------+-------+-------+-------+-------+-------+-------+-------++-------
Melee: Unarmed           |    14 |     1 |       |       |       |       |       |       ||    15
       Spear             |    83 |   105 |   153 |   334 |     4 |       |       |       ||   679
       Trident           |       |     7 |   173 |       |       |       |       |       ||   180
       Shortbow          |       |       |       |       |    12 |       |       |       ||    12
 Fire: Shortbow          |       |       |       |    98 |  1465 |  1692 |  2188 |  1223 ||  6666
Throw: Dart              |       |     4 |    26 |       |       |       |       |       ||    30
 Cast: Summon Small Mamm |    19 |       |     1 |       |       |       |       |       ||    20
       Call Imp          |    45 |    28 |    98 |    11 |     1 |       |       |       ||   183
       Call Canine Famil |       |    16 |    32 |    42 |    35 |     1 |       |       ||   126
       Summon Ice Beast  |       |       |    87 |   351 |   159 |     4 |     1 |       ||   602
       Summon Lightning  |       |       |     1 |    24 |     7 |       |       |       ||    32
       Sting             |       |       |       |    19 |       |       |       |       ||    19
       Portal Projectile |       |       |       |       |   138 |    78 |    60 |    18 ||   294
       Shadow Creatures  |       |       |       |       |   235 |   262 |   156 |    19 ||   672
       Summon Hydra      |       |       |       |       |       |   114 |    43 |    26 ||   183
       Summon Forest     |       |       |       |       |       |    10 |    15 |    10 ||    35
       Dragon's Call     |       |       |       |       |       |       |     9 |    13 ||    22
       Blink             |       |       |       |       |       |       |     2 |     1 ||     3
       Passage of Golubr |       |       |       |       |       |       |       |     1 ||     1
Invok: Call Merchant     |       |       |       |     3 |     1 |     2 |     1 |       ||     7
       Potion Petition   |       |       |       |       |       |     1 |       |     1 ||     2
       Bribe Branch      |       |       |       |       |       |       |       |     1 ||     1
 Abil: Stop Flying       |       |       |       |       |       |       |     1 |       ||     1
       Evoke Flight      |       |       |       |       |       |       |     1 |       ||     1
Evoke: Wand              |       |     1 |     1 |     4 |     2 |     3 |     5 |       ||    16
       Box of beasts     |       |       |       |     1 |     1 |       |     1 |       ||     3
  Use: Scroll            |       |     9 |    11 |    21 |    17 |    18 |    12 |     7 ||    95
       Potion            |       |       |     1 |       |     2 |     6 |     2 |       ||    11
 Stab: Sleeping          |     2 |     2 |     7 |     2 |       |       |       |       ||    13
       Distracted        |     2 |       |     4 |     6 |       |       |       |       ||    12
Armor: Robe              |    30 |    12 |       |       |       |       |       |       ||    42
       Animal skin       |       |     4 |    98 |    91 |       |       |       |       ||   193
       Leather armour    |       |       |       |    45 |   143 |    38 |       |       ||   226
       Quicksilver drago |       |       |       |       |       |    71 |   162 |   176 ||   409
Dodge: Dodged            |    66 |    49 |   250 |   457 |   494 |   474 |   622 |   479 ||  2891
Block: Other             |       |       |       |       |    36 |    98 |   113 |    78 ||   325
       Reflection        |       |       |       |       |     6 |    21 |    29 |     5 ||    61

Table legend: (Time is in decaauts)
 A = Elapsed time spent in this place.
 B = Non-inter-level travel time spent in this place.
 C = Inter-level travel time spent in this place.
 D = Time resting spent in this place.
 E = Time spent auto-exploring this place.
 F = Levels seen in this place.
 G = Mean time per level.
                   A        B        C        D        E       F      G
               +--------+--------+--------+--------+--------+-----+--------+
         Total | 111487 | 104559 |   6928 |  29210 |  53364 |  51 | 2186.0 |
       Dungeon |  28554 |  25383 |   3171 |   4008 |  15933 |  15 | 1903.6 |
        Temple |     63 |     43 |     20 |      0 |     22 |   1 |   63.0 |
          Lair |  13554 |  12448 |   1106 |   1947 |   7859 |   6 | 2259.0 |
         Swamp |   5238 |   5080 |    158 |   1891 |   2381 |   4 | 1309.5 |
     Snake Pit |  14676 |  14262 |    414 |   5242 |   6634 |   4 | 3669.0 |
  Orcish Mines |   4637 |   4333 |    304 |   1620 |   1820 |   2 | 2318.5 |
   Elven Halls |   7637 |   7200 |    437 |   2383 |   3262 |   3 | 2545.7 |
        Vaults |  15864 |  15157 |    707 |   4699 |   7292 |   5 | 3172.8 |
        Depths |  15244 |  14688 |    556 |   4982 |   6876 |   5 | 3048.8 |
           Zot |   2337 |   2285 |     52 |    546 |   1203 |   2 | 1168.5 |
        Bailey |   1933 |   1933 |      0 |    815 |     68 |   1 | 1933.0 |
      Ice Cave |   1484 |   1484 |      0 |    991 |     14 |   1 | 1484.0 |
       Volcano |    117 |    117 |      0 |     84 |      0 |   1 |  117.0 |
      Gauntlet |    142 |    142 |      0 |      0 |      0 |   1 |  142.0 |
               +--------+--------+--------+--------+--------+-----+--------+

Top non-repeatable levels by time:
 Snake:4: 6602 daAuts
Depths:5: 4431 daAuts
Depths:2: 3844 daAuts
 Snake:1: 3727 daAuts
   Elf:3: 3698 daAuts
Vaults:1: 3505 daAuts
Vaults:5: 3504 daAuts
Depths:4: 3198 daAuts
    D:14: 3093 daAuts
Vaults:3: 3021 daAuts
     D:6: 3005 daAuts
  Lair:4: 2992 daAuts
Vaults:4: 2966 daAuts
    D:11: 2886 daAuts
Vaults:2: 2866 daAuts
